 Dungeon Crawl Stone Soup version 0.27-a0-1365-ge71e8f7681 (webtiles) character file.

Game seed: 6063682699657336358

1148 Brecoman the Covert (level 8, -2/54 HPs)
             Began as an Octopode Brigand on June 28, 2021.
             Was a Follower of Yredelemnul.
             Slain by a centaur (6 damage)
             ... on level 7 of the Dungeon.
             The game lasted 00:31:25 (7431 turns).

Brecoman the Covert (Octopode Brigand)              Turns: 7431, Time: 00:31:25

Health: -2/54      AC:  1    Str: 10    XL:     8   Next: 38%
Magic:  10/10      EV: 14    Int: 15    God:    Yredelemnul [*.....]
Gold:   394        SH:  0    Dex: 14    Spells: 7/7 levels left

rFire    + . .     SeeInvis .   a - +2 dagger
rCold    . . .     Faith    .   (no shield)
rNeg     . . .     Spirit   .   (helmet restricted)
rPois    .         Reflect  .   (no amulet)
rElec    .         Harm     .   g - ring of protection from fire
rCorr    .         Rampage  .   (no ring)
Will     .....     Clarity  +   (no ring)
Stlth    +++++.....             (no ring)
HPRegen  0.18/turn              (no ring)
MPRegen  0.12/turn              (no ring)
                                (no ring)
                                (no ring)

@: mirroring injuries
A: almost no armour, amphibious, 8 rings, camouflage 1, gelatinous body 1,
(nimble swimmer 1), tentacles, clarity
a: Renounce Religion, Animate Remains


You were on level 7 of the Dungeon.
You worshipped Yredelemnul.
Yredelemnul was aware of your devotion.
You visited 1 branch of the dungeon, and saw 7 of its levels.

You collected 394 gold pieces.

Inventory:

Hand Weapons
 a - a +2 dagger (weapon)
 f - a +0 dagger of pain
 m - the +7 flail "Yrijeab" {drain, rC+ rN+}
   (You found it on level 4 of the Dungeon)

   A truly terrible weapon, it drains the life of those it strikes.
   rC:        It protects you from cold.
   rN:        It protects you from negative energy.
Missiles
 b - 24 poisoned darts (quivered)
 c - 2 curare-tipped darts
 l - 164 stones
Jewellery
 g - a ring of protection from fire (left tentacle)
 j - an amulet of faith
 o - a +6 ring of intelligence
 p - a ring of magical power
Wands
 i - a wand of mindburst (16)
 r - a wand of paralysis (8)
 t - a wand of flame (27)
Scrolls
 e - 3 scrolls of identify
 k - a scroll of teleportation
Potions
 h - a potion of magic
 q - a potion of brilliance {unknown}
 s - a potion of cancellation


   Skills:
 + Level 4.6 Fighting
 + Level 4.6 Short Blades
 - Level 3.0 Throwing
 + Level 4.4 Dodging
 + Level 8.0 Stealth
 + Level 3.7 Invocations


You had 7 spell levels left.
You didn't know any spells.
Your spell library was empty.

Dungeon Overview and Level Annotations

Branches:
Dungeon (7/15)
 Temple: D:4-7

Altars:
Fedhas
Gozag
Hepliaklqana
Trog
Vehumet
Xom
Yredelemnul
Zin


Innate Abilities, Weirdness & Mutations

You cannot wear most types of armour.
You are amphibious.
You can wear up to eight rings at the same time.
Your skin changes colour to match your surroundings (Stealth+).
Your rubbery body absorbs attacks. (AC +1, EV +1)
((You are camouflaged near water. (Stealth+)))
You have tentacles for arms and can constrict up to eight enemies at once.
You possess an exceptional clarity of mind.


Message History

You start resting.
A centaur is nearby!
Okay, then.
Okay, then.
The centaur hits you.
* * * LOW HITPOINT WARNING * * *
The centaur kicks you.
* * * LOW HITPOINT WARNING * * *
It was a potion of curing.
You feel better. The centaur closely misses you. x4
You barely miss the centaur. The centaur hits you. The centaur kicks you.
* * * LOW HITPOINT WARNING * * *
You offer yourself to Yredelemnul, and are filled with unholy energy.
The centaur hits you.
* * * LOW HITPOINT WARNING * * *
Yredelemnul mirrors your injury!
The centaur is lightly wounded.
The centaur kicks you.
* * * LOW HITPOINT WARNING * * *
Yredelemnul mirrors your injury!
The centaur is lightly wounded.
The centaur hits you.
* * * LOW HITPOINT WARNING * * *
Yredelemnul mirrors your injury!
The centaur is heavily wounded.
The centaur kicks you.
* * * LOW HITPOINT WARNING * * *
Yredelemnul mirrors your injury!
The centaur is heavily wounded.
You can no longer recall your undead slaves.
You can no longer mirror injuries on your foes.
You feel better. The centaur hits you.
* * * LOW HITPOINT WARNING * * *
The centaur kicks you.
* * * LOW HITPOINT WARNING * * *
It was a potion of cancellation.
You feel magically purged. The centaur completely misses you.
The centaur kicks you but does no damage.
The centaur hits you.
You die...
Your body rises from the dead as a mindless zombie.

>... .....##.....#
.##..####............
...................#
#..#...............
#..................
#..#.##...###.....<
#.....c............
####.c####.PPPP.......
#....@####.PcPPP......
#........#.PP_PP.#....
#.....####...PP....#..
#.....# ..PPP........
.......#
.....#...#.#..
.########
.........#....
.............. ..
..........# .
......#.....


You could see a centaur.

Vanquished Creatures
  A wyvern (D:6)
  A black bear (D:5)
  An ogre (D:5)
  A necrophage (D:4)
  A bullfrog (D:6)
  A scorpion (D:4)
  A bullfrog zombie (D:6)
  2 jellies (D:5)
  An orc priest (D:5)
  3 hounds
  An iguana (D:6)
  An orc wizard (D:6)
  2 killer bee zombies
  A hound skeleton (D:4)
  4 adders
  An ufetubus (D:6)
  An adder skeleton (D:4)
  2 worms
  4 dart slugs
  12 orcs
  A ball python (D:3)
  4 bats
  5 endoplasms
  4 giant cockroaches
  6 goblins
  5 hobgoblins
  4 quokkas
  A frilled lizard (D:1)
  5 kobolds
  5 rats
82 creatures vanquished.

Vanquished Creatures (collateral kills)
  Menkaure (D:3)
  An ice beast (D:5)
  A howler monkey (D:5)
  A hound (D:5)
  A hound skeleton (D:4)
  An orc (D:4)
  An endoplasm (D:4)
  A hobgoblin (D:1)
  A ball python (D:1)
  A frilled lizard (D:1)
10 creatures vanquished.

Vanquished Creatures (others)
  A bat zombie (D:1)
  2 giant cockroach zombies
  4 goblin zombies
  A hound zombie (D:7)
  An iguana zombie (D:6)
  3 orc zombies (D:4)
  2 rat zombies (D:3)
  12 plants (D:7)
26 creatures vanquished.

Grand Total: 118 creatures vanquished

Notes
Turn   | Place    | Note
-------+----------+-------------------------------------------
     0 | D:1      | Brecoman the Octopode Brigand began the quest for the Orb.
     0 | D:1      | Reached XP level 1. HP: 14/14 MP: 1/1
    67 | D:1      | Found a faded altar of an unknown god.
    74 | D:1      | Became a worshipper of Yredelemnul the Dark
    74 | D:1      | Reached * piety under Yredelemnul
   391 | D:1      | Reached XP level 2. HP: 19/19 MP: 2/2
  1194 | D:2      | Reached XP level 3. HP: 24/24 MP: 3/3
  2316 | D:3      | Reached XP level 4. HP: 30/30 MP: 4/4
  2478 | D:3      | Reached ** piety under Yredelemnul
  2934 | D:3      | Reached skill level 6 in Stealth
  3573 | D:4      | Gained mutation: You possess an exceptional clarity of
                  | mind. [potion of mutation]
  3635 | D:4      | Reached XP level 5. HP: 36/36 MP: 5/5
  3848 | D:4      | Identified the +7 flail "Yrijeab" {drain, rC+ rN+}
  3922 | D:4      | Noticed Menkaure
  4093 | D:3      | Killed Menkaure
  4094 | D:3      | Reached skill level 1 in Invocations
  4094 | D:3      | Reached XP level 6. HP: 23/42 MP: 6/6
  4459 | D:4      | Noticed a necrophage
  4461 | D:4      | Killed a necrophage
  4523 | D:4      | Found a glowing silver altar of Zin.
  4653 | D:4      | Found a hazy altar of Hepliaklqana.
  4825 | D:4      | Found a shimmering altar of Xom.
  5011 | D:5      | Entered Level 5 of the Dungeon
  5271 | D:5      | Found a bloodstained altar of Trog.
  5271 | D:5      | Found a radiant altar of Vehumet.
  5316 | D:5      | Noticed a steam dragon
  5321 | D:5      | Reached XP level 7. HP: 30/46 MP: 8/8
  5531 | D:5      | Reached skill level 7 in Stealth
  6284 | D:6      | Reached XP level 8. HP: 39/54 MP: 10/10
  6720 | D:6      | Found an opulent altar of Gozag.
  6971 | D:6      | Noticed a wyvern
  7054 | D:6      | Killed a wyvern
  7231 | D:5      | Reached skill level 8 in Stealth
  7308 | D:7      | Found a blossoming altar of Fedhas.
  7431 | D:7      | Slain by a centaur

Illustrated notes

Levels and vault maps discovered:
D:1:      minmay_arrival_doors, layout_loops_corners,
          hellmonk_ecumenical_altar_inner_sanctum
D:2:      layout_loops_corners
D:3:      layout_loops_ring
D:4:      layout_basic, kennysheep_little_box, general_overflow_altar,
          lemuel_coloured_pillars_altar, minmay_misc_feat_roman,
          grunt_ministairs_11, minivault_19, uniq_menkaure
D:5:      layout_cave_pools, gammafunk_temple_overflow_wave, kennysheep_nub,
          corner_web_ring
D:6:      layout_cave_pools, amcnicky_altar_gilded
D:7:      layout_basic, fedhas_bush_and_centaur_altar, minmay_temple_entry_oklob

Skill      XL: |  1  2  3  4  5  6  7  8 |
---------------+-------------------------+-----
Dodging        | 2 3 4 |  4.4
Stealth        | 6 7 8 |  8.0
Fighting       | 3 4 |  4.6
Short Blades   | 3 4 |  4.6
Throwing       | 3 |  3.0
Invocations    | 1 2 3 |  3.7

Action                   |  1- 3 |  4- 6 |  7- 9 || total
-------------------------+-------+-------+-------++-------
Melee: Dagger            |    50 |    66 |    55 ||   171
       Constrict         |     7 |    18 |    12 ||    37
       Tentacles         |     5 |    12 |     9 ||    26
Throw: Dart              |     3 |     5 |     6 ||    14
       Stone             |       |     1 |       ||     1
Invok: Animate Remains   |     7 |    16 |     9 ||    32
       Recall Undead Sla |       |     1 |     2 ||     3
       Injury Mirror     |       |     2 |     3 ||     5
  Use: Scroll            |       |     5 |     3 ||     8
       Potion            |       |     1 |     3 ||     4
 Stab: Sleeping          |    15 |    19 |     5 ||    39
Armor: Skin              |     6 |     1 |     5 ||    12
Dodge: Dodged            |    16 |    28 |    38 ||    82

Table legend: (Time is in decaauts)
 A = Elapsed time spent in this place.
 B = Non-inter-level travel time spent in this place.
 C = Inter-level travel time spent in this place.
 D = Time resting spent in this place.
 E = Time spent auto-exploring this place.
 F = Levels seen in this place.
 G = Mean time per level.
                   A        B        C        D        E       F      G
               +--------+--------+--------+--------+--------+-----+--------+
         Total |   7414 |   6797 |    617 |   1629 |   2729 |   7 | 1059.1 |
       Dungeon |   7414 |   6797 |    617 |   1629 |   2729 |   7 | 1059.1 |
               +--------+--------+--------+--------+--------+-----+--------+

Top non-repeatable levels by time:
     D:3: 1334 daAuts
     D:1: 1275 daAuts
     D:5: 1243 daAuts
     D:2: 1203 daAuts
     D:4: 1189 daAuts
     D:6: 1037 daAuts
     D:7: 131 daAuts
